 Dungeon Crawl Stone Soup version 0.27.1-33-g824d729ab1 (webtiles) character file.

Game seed: 6825866273503922687

35 pkoi the Insei (level 3, -3/31 HPs)
             Began as a Draconian Monk on Dec 6, 2021.
             Slain by a gnoll (12 damage)
             ... on level 2 of the Dungeon.
             The game lasted 00:01:44 (1433 turns).

pkoi the Insei (Draconian Monk)                     Turns: 1433, Time: 00:01:44

Health: -3/31      AC:  5    Str: 13    XL:     3   Next: 16%
Magic:  3/3        EV: 12    Int: 11    God:
Gold:   32         SH:  0    Dex: 13    Spells: 2/2 levels left

rFire    . . .     SeeInvis .     - Unarmed
rCold    + . .     Faith    .   (no shield)
rNeg     . . .     Spirit   .   (armour unavailable)
rPois    .         Reflect  .   (helmet restricted)
rElec    .         Harm     .   (no cloak)
rCorr    .         Rampage  .   (no gloves)
Will     .....                  (no boots)
Stlth    ++........             (no amulet)
HPRegen  0.10/turn              a - ring of wizardry
MPRegen  0.08/turn              e - ring of protection from cold

@: no status effects
A: AC +5, unfitting armour, cold-blooded
a: no special abilities


You were on level 2 of the Dungeon.
You visited 1 branch of the dungeon, and saw 2 of its levels.

You collected 32 gold pieces.

Inventory:

Missiles
 g - 17 poisoned darts (quivered)
Jewellery
 a - a ring of wizardry (left hand)
 e - a ring of protection from cold (right hand)
Potions
 b - 2 potions of degeneration {unknown}
 f - a potion of curing
 h - 2 potions of brilliance {unknown}


   Skills:
 - Level 3.2 Fighting
 - Level 2.6 Dodging
 - Level 1.7 Stealth
 + Level 4.3 Unarmed Combat


You had 2 spell levels left.
You didn't know any spells.
Your spell library contained the following spells:

 Spells                   Type           Power      Damage    Failure   Level
 Beastly Appendage        Tmut           0%         N/A       14%         1
 Wereblood                Tmut           0%         N/A       21%         2
 Spider Form              Tmut/Pois      0%         N/A       38%         3


Dungeon Overview and Level Annotations

Branches:
Dungeon (2/15)

Altars:

Shops:
D:1 =


Innate Abilities, Weirdness & Mutations

Your plain brown scales are hard. (AC +5)
You cannot fit into any form of body armour.
You are cold-blooded and may be slowed by cold attacks.


Message History

You hit the gnoll.
The gnoll is heavily wounded.
You hear a shout!
The gnoll hits you with a +0 club!
You are too injured to fight recklessly!
You are too injured to fight recklessly!
You are too injured to fight recklessly!
You are too injured to fight recklessly!
You are too injured to fight recklessly!
You are too injured to fight recklessly!
You are too injured to fight recklessly!
You are too injured to fight recklessly!
You are too injured to fight recklessly!
You are too injured to fight recklessly!
You are too injured to fight recklessly!
You are too injured to fight recklessly!
You are too injured to fight recklessly!
You are too injured to fight recklessly!
You are too injured to fight recklessly!
You are too injured to fight recklessly!
You closely miss the gnoll.
The gnoll is moderately wounded.
The gnoll hits you with a +0 club.
You closely miss the gnoll.
The gnoll is moderately wounded.
The gnoll barely misses you.
You hit the gnoll.
The gnoll is almost dead.
The gnoll hits you from afar with a +0 halberd.
The gnoll closely misses you.
You completely miss the gnoll.
The gnoll is almost dead.
The gnoll hits you from afar with a +0 halberd!
* * * LOW HITPOINT WARNING * * *
The gnoll completely misses you.
Unknown command.
You hit the gnoll.
You kill the gnoll!
The gnoll hits you from afar with a +0 halberd!
You die...

###.#..................
#.#.#################
#.#.# .. ## #.#.##.##
#. #.#.#... #.
#.#.#..## #. #.#.#gg.
#. #.#)#.#### #.
#.@....... #.
#...#.####### ##+
........ ..# #..
#####.#### #.# #..
###'## #.# #.. #....#
#.# #.. #....# #.# ###
....######.#
#######.#.......####


You could see 2 gnolls.

Vanquished Creatures
  An adder (D:2)
  A gnoll (D:2)
  A worm (D:2)
  A ball python (D:1)
  An endoplasm (D:1)
  A giant cockroach (D:1)
  3 goblins (D:1)
  3 hobgoblins (D:1)
  2 jackals (D:1)
  A quokka (D:1)
  A bat (D:2)
  A frilled lizard (D:1)
  4 kobolds
  A rat (D:2)
22 creatures vanquished.

Notes
Turn   | Place    | Note
-------+----------+-------------------------------------------
     0 | D:1      | pkoi the Draconian Monk began the quest for the Orb.
     0 | D:1      | Reached XP level 1. HP: 19/19 MP: 1/1
    32 | D:1      | Found Dysmatue's Jewellery Shop.
    98 | D:1      | Reached XP level 2. HP: 9/26 MP: 2/2
   836 | D:2      | Reached skill level 4 in Unarmed Combat
   912 | D:2      | Reached XP level 3. HP: 31/31 MP: 3/3
  1433 | D:2      | Slain by a gnoll

Illustrated notes

Levels and vault maps discovered:
D:1:      dpeg_arrival_pits, layout_rooms, serial_shops, shop,
          minmay_misc_feat_plants, minmay_misc_feat_more_columns
D:2:      layout_basic

Skill      XL: |  1  2 |
---------------+-------+-----
Unarmed Combat | 4 |  4.3
Fighting       | |  3.2
Dodging        | |  2.6
Stealth        | |  1.7

Action                   || total
-------------------------++-------
Melee: Unarmed           ||    82
       Tailslap          ||     6
       Punch             ||     1
  Use: Scroll            ||     6
 Stab: Sleeping          ||     2
Armor: Skin              ||    25
Dodge: Dodged            ||    52
